 Dungeon Crawl Stone Soup version 0.27-a0-1177-g245c70e1c0 (webtiles) character file.

Game seed: 9681243059317119461

84 bande the Skirmisher (level 4, -1/29 HPs)
             Began as a Gargoyle Fighter on May 17, 2021.
             Slain by Sigmund
             ... wielding a +0 scythe
              (9 damage)
             ... on level 2 of the Dungeon.
             The game lasted 00:02:37 (1336 turns).

bande the Skirmisher (Gargoyle Fighter)             Turns: 1336, Time: 00:02:38

Health: -1/29      AC: 12    Str: 19    XL:     4   Next: 46%
Magic:  4/4        EV:  5    Int:  9    God:
Gold:   61         SH:  0    Dex: 10    Spells: 3/3 levels left

rFire    . . .     SeeInvis .   a - +1 war axe
rCold    . . .     Faith    .   c - +0 kite shield
rNeg     + . .     Spirit   .   h - +0 chain mail
rPois    ∞         Reflect  .   (no helmet)
rElec    +         Harm     .   (no cloak)
rCorr    .         Rampage  .   (no gloves)
Will     .....                  (no boots)
Stlth    ..........             (no amulet)
HPRegen  0.09/turn              (no ring)
MPRegen  0.09/turn              (no ring)

@: confused, mighty
A: sickness immunity, AC +3, negative energy resistance 1, electricity
resistance, torment resistance 1, petrification resistance
a: no special abilities


You were on level 2 of the Dungeon.
You visited 1 branch of the dungeon, and saw 2 of its levels.

You collected 61 gold pieces.

Inventory:

Hand Weapons
 a - a +1 war axe (weapon)
Armour
 c - a +0 kite shield (worn)
 h - a +0 chain mail (worn)
Scrolls
 b - a scroll of teleportation
 e - a scroll of enchant weapon
 g - a scroll of identify


   Skills:
 + Level 4.0 Fighting
 + Level 2.9 Axes
 + Level 3.7 Armour
 + Level 0.1 Dodging
 + Level 3.8 Shields


You had 3 spell levels left.
You didn't know any spells.
Your spell library was empty.

Dungeon Overview and Level Annotations

Branches:
Dungeon (2/15)

Altars:

Annotations:
D:2 Sigmund


Innate Abilities, Weirdness & Mutations

You are immune to sickness and miasma.
Your stone body is resilient. (AC +3)
You are immune to poison.
You resist negative energy. (rN+)
You are resistant to electric shocks. (rElec)
You are resistant to unholy torment.
You are immune to petrification.


Message History

Sigmund is severely wounded.
You barely miss the bat. The bat hits you but does no damage. x2
You block the bat's attack. Sigmund hits you but does no damage.
You barely miss Sigmund.
Sigmund is severely wounded.
You miss the bat. The bat hits you but does no damage. x2
Sigmund drinks a potion.
Sigmund is healed!
Sigmund hits you but does no damage.
You slash Sigmund!
Sigmund is moderately wounded.
You hit the bat. The bat barely misses you.
The bat hits you but does no damage. You block Sigmund's attack.
The bat hits you but does no damage. Sigmund casts a spell at you.
You resist with some effort.
You closely miss Sigmund.
Sigmund is moderately wounded.
You slash the bat!
You kill the bat!
Sigmund's eyes start glowing with a red light.
You block Sigmund's attack.
You barely miss Sigmund.
Sigmund is moderately wounded.
Sigmund gestures at you while chanting. The puff of flame hits you.
Sigmund barely misses you.
You slice Sigmund!!
Sigmund is almost dead.
Sigmund gestures at himself while chanting.
Sigmund flickers and vanishes!
Deactivating autopickup; reactivate with Ctrl-A.
You miss something.
You hear some strange, mumbled words.
A puff of flame appears from out of thin air!
The puff of flame hits you.
* * * LOW HITPOINT WARNING * * *
You hear some strange, mumbled words.
You are confused.
Something hits you but does no damage. Something hits you!
You die...

... #... ### #..
..##.. ....####.. .
#.#....' .
.#######.#..###...
..........).......
#.######.#@.#####
#.# #....# #####.#
##...#
...#.#######...#
#.###.#.....†.....#
#........######...#
#.###.##.# #.......
#.##.# #.......
#.##.# .........


There were no monsters in sight!

Vanquished Creatures
  4 adders (D:2)
  3 dart slugs
  2 ball pythons (D:1)
  4 bats
  2 endoplasms (D:1)
  A giant cockroach (D:2)
  6 goblins
  3 hobgoblins
  2 jackals (D:2)
  2 quokkas (D:1)
  5 frilled lizards (D:1)
  3 kobolds
  3 rats (D:1)
40 creatures vanquished.

Vanquished Creatures (others)
  2 plants (D:1)
2 creatures vanquished.

Grand Total: 42 creatures vanquished

Notes
Turn   | Place    | Note
-------+----------+-------------------------------------------
     0 | D:1      | bande the Gargoyle Fighter began the quest for the Orb.
     0 | D:1      | Reached XP level 1. HP: 14/14 MP: 1/1
   137 | D:1      | Reached XP level 2. HP: 19/19 MP: 2/2
   651 | D:1      | Reached XP level 3. HP: 23/23 MP: 3/3
  1147 | D:2      | Reached XP level 4. HP: 25/29 MP: 4/4
  1306 | D:2      | Reached skill level 4 in Fighting
  1313 | D:2      | Noticed Sigmund
  1336 | D:2      | Slain by Sigmund

Illustrated notes

Levels and vault maps discovered:
D:1:      eino_arrival_water_cross, layout_loops_ring
D:2:      layout_basic, uniq_sigmund

Skill      XL: |  1  2  3  4 |
---------------+-------------+-----
Axes           | 2 |  2.9
Fighting       | 4 |  4.0
Armour         | |  3.7
Dodging        | |  0.1
Shields        | |  3.8

Action                   |  1- 3 |  4- 6 || total
-------------------------+-------+-------++-------
Melee: War axe           |    92 |    33 ||   125
  Use: Potion            |     2 |     1 ||     3
       Scroll            |     5 |       ||     5
Armor: Scale mail        |    21 |       ||    21
       Chain mail        |    36 |    36 ||    72
Dodge: Dodged            |    28 |    11 ||    39
Block: Kite shield       |    51 |    28 ||    79

Table legend: (Time is in decaauts)
 A = Elapsed time spent in this place.
 B = Non-inter-level travel time spent in this place.
 C = Inter-level travel time spent in this place.
 D = Time resting spent in this place.
 E = Time spent auto-exploring this place.
 F = Levels seen in this place.
 G = Mean time per level.
                   A        B        C        D        E       F      G
               +--------+--------+--------+--------+--------+-----+--------+
         Total |   1412 |   1412 |      0 |    161 |    860 |   2 |  706.0 |
       Dungeon |   1412 |   1412 |      0 |    161 |    860 |   2 |  706.0 |
               +--------+--------+--------+--------+--------+-----+--------+

Top non-repeatable levels by time:
     D:1: 1108 daAuts
     D:2: 304 daAuts
